AoeStats
← Joe Rogaine 4

Black Forest

509821643Analyzed
2v2 RM · 3d ago on Sep 28, 2026· 22m 33s· 4 players
Game mode
Random Map
Map size
Medium (4 player)
Population
200
Speed
Normal
Resources
Standard
Victory
Conquest
Starting age
Dark Age
Ending age
Imperial Age
RankedLock teamsTeams togetherTeam positionsShared explorationLock speedFull tech treeHidden civsTurbo modeCheats
Victory
Defeat
🇲🇽 Georgians · Mexico
723
+15
🇵🇪 Bulgarians · Peru
709
+16
🇺🇸 Bulgarians · United States
711
-34
🇺🇸 Spanish · United States
687
-27
WaffleBandito
9:05 Loom
11:22 Feudal Age
13:27 Wheelbarrow
13:31 Double-Bit Axe
13:31 Horse Collar
22:42 Forging
Joe Rogaine 4
8:40 Loom
11:03 Feudal Age
14:33 Double-Bit Axe
16:24 Bloodlines
muelaluis19
11:35 Feudal Age
12:35 Loom
15:30 Horse Collar
15:48 Double-Bit Axe
19:55 Scale Barding Armor
21:34 Gold Mining
Patt
14:38 Feudal Age
17:17 Arson
Connection lost

Rejoining the realm…

Still unreachable

The connection could not be restored.

Session expired

The server has moved on; the page needs a fresh start.